 Dungeon Crawl Stone Soup version 0.15.2 (webtiles) character file.

5411 MordorOrchid the Covert (level 10, -3/53 HPs)
             Began as a Spriggan Fire Elementalist on June 8, 2021.
             Was a High Priest of Okawaru.
             Engulfed by a fire crab (shapeshifter)'s flame (10 damage)
             ... on Level 10 of the Dungeon on June 9, 2021.
             The game lasted 01:09:35 (7597 turns).

MordorOrchid the Covert (SpFE)                      Turns: 7597, Time: 01:09:35

HP  -3/53        AC  3     Str  4      XL: 10   Next: 40%
MP  19/29        EV 23     Int 20      God: Okawaru [*****.]
Gold 428         SH  0     Dex 17      Spells:  6 memorised,  6 levels left

rFire  . . .     SeeInvis +     j - +9 shortbow of Reinforcement {flame, +Blink +Inv rElec SInv}
rCold  . . .     Clarity  .     Y - +0 robe (curse)
rNeg   + . .     rCorr    .     (shield restricted)
rPois  .         rRot     .     (helmet restricted)
rElec  +         Spirit   .     J - +0 cloak
SustAb .         Warding  +     (gloves unavailable)
rMut   .         Stasis   .     (boots unavailable)
Gourm  .                        g - cursed amulet of warding
MR     +....                    (no ring)
                                (no ring)

@: very quick, somewhat resistant to hostile enchantments, quite stealthy
A: unfitting armour, horns 1, see invisible, herbivore 3, speed 3, sense
surroundings 1, robust 1, slow metabolism 2
a: Heroism, Finesse, Renounce Religion, Evoke Blink, Evoke Invisibility


You were on level 10 of the Dungeon.
You worshipped Okawaru.
Okawaru was extremely pleased with you.
You were not hungry.

You visited 1 branch of the dungeon, and saw 10 of its levels.
You also visited: Sewer.

You collected 672 gold pieces.
You spent 244 gold pieces at shops.

Inventory:

Hand weapons
 b - a +1 blowgun
 j - the +9 shortbow of Reinforcement (weapon) {flame, +Blink +Inv rElec SInv}
   (You bought it in a shop on level 8 of the Dungeon)

   It turns projectiles fired from it into bolts of flame.
   It insulates you from electricity.
   It enhances your eyesight.
   It lets you turn invisible.
   It lets you blink.
 y - a +4 dagger of draining
 z - a +5 flail of protection
 G - the +6 hand axe of Certain Death {holy, Stlth+}
   (You found it on level 4 of the Dungeon)

   It has been blessed by the Shining One to cause great damage to the undead
   and demons.
   It makes you more stealthy.
 V - a +5 dagger
Missiles
 a - 3 needles of sleeping
 f - a throwing net
 o - 2 arrows of frost (quivered)
 t - 73 poisoned needles
 A - 8 needles of confusion
 I - 7 tomahawks of returning
 P - 2 tomahawks
 S - 74 arrows
Armour
 B - a +0 troll leather armour {Purgy}
 J - a +0 cloak (worn)
 Y - a cursed +0 robe (worn)
Magical devices
 i - a wand of teleportation (9)
 u - a wand of frost (1)
 K - a wand of lightning (4)
 Q - a wand of frost (13)
 W - a wand of draining (4) {unknown}
 X - a wand of fire (7) {unknown}
Comestibles
 D - 3 bread rations
Scrolls
 d - 3 scrolls of fear
 e - 5 scrolls of amnesia
 h - 2 scrolls of enchant armour
 m - 2 scrolls of magic mapping {unknown}
 p - 5 scrolls of teleportation
 q - a scroll of blinking {unknown}
 s - 2 scrolls of fog
 v - 6 scrolls of remove curse
 w - 2 scrolls of recharging
 O - a scroll of acquirement {unknown}
Jewellery
 g - a cursed amulet of warding (around neck)
 n - an uncursed ring of ice
Potions
 c - a potion of porridge
 k - 2 potions of restore abilities
 r - a potion of poison
 x - 6 potions of agility
 C - 2 potions of flight
 E - a potion of resistance
 H - 2 potions of cure mutation
 L - 4 potions of heal wounds
 M - a potion of cancellation {unknown}
 N - 2 potions of lignification
 R - 3 potions of might
 U - 2 potions of haste
Books
 T - a book of the Tempests

   Spells                             Type                      Level
   Static Discharge                   Conjuration/Air              3
   Lightning Bolt                     Conjuration/Air              5
   *Fireball                          Conjuration/Fire             5
   Tornado                            Air                          9
   Shatter                            Earth                        9
 Z - a book of Flames

   Spells                             Type                      Level
   *Flame Tongue                      Conjuration/Fire             1
   *Throw Flame                       Conjuration/Fire             2
   *Conjure Flame                     Conjuration/Fire             3
   *Inner Flame                       Hexes/Fire                   3
   *Sticky Flame                      Conjuration/Fire             4
   *Fireball                          Conjuration/Fire             5


   Skills:
 * Level 3.7 Fighting
 - Level 3.2 Short Blades
 - Level 3.2 Throwing
 * Level 1.4 Armour
 * Level 7.9 Dodging
 * Level 8.4 Stealth
 + Level 7.7 Spellcasting
 * Level 5.6 Conjurations
 + Level 5.2 Fire Magic
 * Level 5.6 Evocations


You had 6 spell levels left.
You knew the following spells:

 Your Spells              Type           Power        Failure   Level  Hunger
a - Flame Tongue          Conj/Fire      ####.        1%          1    None
b - Throw Flame           Conj/Fire      ####..       1%          2    None
c - Conjure Flame         Conj/Fire      ####....     3%          3    #......
d - Inner Flame           Hex/Fire       ###.....     10%         3    #......
e - Sticky Flame          Conj/Fire      ####....     12%         4    ###....
f - Fireball              Conj/Fire      ####......   30%         5    ####...


Dungeon Overview and Level Annotations

Branches:
Dungeon (10/15)            Temple (0/1) D:4            Lair (0/8) D:8
    Orc: D:9-12

Altars:
Dithmenos
Fedhas
Okawaru
Trog
The Shining One

Shops:
D:8 [[((   D:10 }


Innate Abilities, Weirdness & Mutations

You are tiny and cannot use many weapons and most armour.
You have supernaturally acute eyesight.
You are a herbivore.
You cover ground extremely quickly.
You need consume almost no food.
You have a pair of small horns on your head.
You passively map a small area around you.
You are robust (+10% HP).


Message History

Evoke which item? (* to show all) (? for menu, Esc to quit)
Zapping:
u - a wand of frost (3)
Press: ? - help, Shift-Dir - straight line, f/p - fire crab
Aim: a fire crab (lightly wounded)
The puff of frost hits the fire crab.
The fire crab is moderately wounded.
This wand has 2 charges left.
Evoke which item? (* to show all) (? for menu, Esc to quit)
Zapping:
u - a wand of frost (2)
Press: ? - help, Shift-Dir - straight line, f/p - fire crab
Aim: a fire crab (moderately wounded)
The puff of frost hits the fire crab.
The fire crab is moderately wounded.
This wand has 1 charge left.
The fire crab breathes flames at you. The blast of flame engulfs you!
You are engulfed in roaring flames.
* * * LOW HITPOINT WARNING * * *
You are engulfed in roaring flames.
You die...

.....##.###.#
#..#(#
#)...##.###...
....#.#
#..<.#.....
.....##.#
#.#..#..##*
##### #.#
.........#
##### #.#
........##
#.≈.# #.#
######.##
####§#####.#
[#
#.##§##§##.#
##
#§§§§§@§.'.#
#.##§##.##.# *
####§#####.# *
≈ .§. #.# *
##§## #.# #§#*
#.# ,≈,.≈. #.#
#t# #.# #.#
#.#


There were no monsters in sight!

Vanquished Creatures
  Erolcha (D:8)
  Joseph (D:9)
  Grinder (D:5)
  A hydra skeleton (D:10)
  Eustachio (D:3)
  A steam dragon (D:9)
  Menkaure (D:5)
  2 ice beasts
  3 orc warriors
  A water moccasin (D:7)
  Purgy (Sewer)
  A black bear (D:6)
  5 sky beasts
  4 ogres
  A crocodile (D:8)
  Sigmund (D:3)
  2 big kobolds
  Blork the orc (D:6)
  6 giant frogs
  3 scorpions
  3 killer bees (D:8)
  A goliath beetle (D:7)
  3 crimson imps
  A quasit (D:9)
  A giant frog skeleton (D:10)
  2 hounds
  6 orc priests
  4 worker ants
  Natasha (thrice) (D:3)
  3 iguanas
  5 orc wizards
  Terence (D:3)
  5 gnolls
  A green rat (D:4)
  8 adders
  4 shadow imps
  3 giant mites
  2 worms
  An ufetubus (D:4)
  2 oozes
  32 orcs
  5 ball pythons
  A bat zombie (D:6)
  5 giant cockroaches
  14 hobgoblins
  12 jackals
  8 bats
  2 giant geckos
  14 giant newts
  A giant spore (D:6)
  11 goblins
  17 kobolds
  A kobold skeleton (D:7)
  5 quokkas
  13 rats
  A rat skeleton (D:4)
  4 ballistomycetes (D:6)
243 creatures vanquished.

Vanquished Creatures (others)
  An ogre (D:6)
  An orc wizard (D:7)
2 creatures vanquished.

Grand Total: 245 creatures vanquished

Notes
Turn   | Place    | Note
--------------------------------------------------------------
     0 | D:1      | MordorOrchid, the Spriggan Fire Elementalist, began the quest for the Orb.
     0 | D:1      | Reached XP level 1. HP: 9/9 MP: 4/4
   258 | D:1      | Reached XP level 2. HP: 13/13 MP: 3/7
   262 | D:1      | Learned a level 2 spell: Throw Flame
   612 | D:2      | Reached skill level 1 in Conjurations
   750 | D:2      | Reached XP level 3. HP: 9/16 MP: 2/9
   868 | D:2      | Learned a level 3 spell: Conjure Flame
  1098 | D:2      | Found a blossoming altar of Fedhas.
  1098 | D:2      | Found an iron altar of Okawaru.
  1114 | D:2      | Became a worshipper of Warmaster Okawaru
  1324 | D:3      | Noticed Sigmund
  1394 | D:3      | Noticed Natasha
  1410 | D:3      | Killed Natasha
  1410 | D:3      | Reached XP level 4. HP: 15/21 MP: 4/13
  1594 | D:3      | Noticed Natasha
  1599 | D:3      | Noticed a sky beast
  1711 | D:3      | Noticed Terence
  1735 | D:3      | Killed Terence
  1955 | D:3      | Killed a sky beast
  1955 | D:3      | Reached skill level 4 in Spellcasting
  1955 | D:3      | Reached XP level 5. HP: 24/24 MP: 6/18
  2026 | D:3      | Killed Natasha
  2093 | D:3      | Learned a level 3 spell: Inner Flame
  2256 | D:4      | Noticed Eustachio
  2283 | D:4      | Gained mutation: You have a pair of small horns on your head. [potion of mutation]
  2283 | D:4      | Gained mutation: You passively map a small area around you. [potion of mutation]
  2283 | D:4      | Gained mutation: You are robust (+10% HP). [potion of mutation]
  2332 | D:3      | Noticed Natasha
  2415 | D:3      | Killed Natasha
  2454 | D:3      | Acquired Okawaru's first power
  2494 | D:3      | Killed Sigmund
  2494 | D:3      | Reached XP level 6. HP: 27/30 MP: 4/20
  2561 | D:3      | Killed Eustachio
  2620 | D:4      | Found a glowing drain.
  2630 | D:4      | Reached skill level 1 in Fighting
  2655 | D:4      | Learned a level 4 spell: Sticky Flame
  2671 | Sewer    | Entered a sewer
  2674 | Sewer    | Reached skill level 5 in Spellcasting
  2689 | Sewer    | Reached XP level 7. HP: 28/36 MP: 6/22
  2731 | Sewer    | Noticed Purgy
  2766 | Sewer    | Killed Purgy
  3079 | D:4      | Got a slimy hand axe
  3080 | D:4      | Identified the +6 hand axe of Certain Death {holy, Stlth+} (You found it on level 4 of the Dungeon)
  3156 | D:4      | Found a staircase to the Ecumenical Temple.
  3293 | D:5      | Entered Level 5 of the Dungeon
  3293 | D:5      | Noticed Menkaure
  3295 | D:5      | Killed Menkaure
  3384 | D:5      | Reached skill level 1 in Throwing
  3384 | D:5      | Reached skill level 1 in Evocations
  3511 | D:5      | Found a glowing golden altar of the Shining One.
  3617 | D:5      | Reached skill level 1 in Short Blades
  3617 | D:5      | Reached skill level 5 in Stealth
  3840 | D:5      | Found a bloodstained altar of Trog.
  3869 | D:5      | Noticed Grinder
  3957 | D:5      | Reached XP level 8. HP: 40/40 MP: 24/24
  3983 | D:5      | Killed Grinder
  3983 | D:5      | Reached skill level 5 in Dodging
  4241 | D:6      | Noticed Blork the orc
  4257 | D:6      | Killed Blork the orc
  4272 | D:6      | Reached skill level 6 in Dodging
  4719 | D:6      | Reached XP level 9. HP: 47/47 MP: 6/26
  5058 | D:7      | Learned a level 5 spell: Fireball
  5622 | D:8      | Found Iwas' Armour Shop.
  5721 | D:8      | Found Riq Ostru's Antique Armour Shop.
  5781 | D:8      | Reached skill level 7 in Stealth
  5788 | D:8      | Found Naekaos' Antique Weapon Shoppe.
  5800 | D:8      | Received a gift from Okawaru
  5806 | D:8      | Bought a blowgun for 52 gold pieces
  5806 | D:8      | Bought a warped shortbow for 168 gold pieces
  5812 | D:8      | Identified the +9 shortbow of Reinforcement {flame, +Blink +Inv rElec SInv} (You bought it in a shop on level 8 of the Dungeon)
  5986 | D:8      | Found a shadowy altar of Dithmenos.
  6006 | D:8      | Found a staircase to the Lair.
  6058 | D:8      | Found Duejupip's Weapon Shoppe.
  6168 | D:8      | Bought 10 arrows for 24 gold pieces
  6196 | D:8      | Reached skill level 5 in Fire Magic
  6239 | D:8      | Reached skill level 5 in Conjurations
  6289 | D:8      | Noticed Erolcha
  6308 | D:8      | Killed Erolcha
  6308 | D:8      | Reached skill level 5 in Evocations
  6308 | D:8      | Reached XP level 10. HP: 53/53 MP: 2/29
  6313 | D:8      | Acquired Okawaru's second power
  6550 | D:9      | Noticed Joseph
  6569 | D:9      | Killed Joseph
  6569 | D:9      | Reached skill level 8 in Stealth
  6981 | D:9      | Reached skill level 1 in Armour
  7032 | D:10     | Entered Level 10 of the Dungeon
  7047 | D:10     | Found Thiuqoam's Gadget Shoppe.
  7585 | D:10     | Noticed a fire crab
  7597 | D:10     | Engulfed by a fire crab (shapeshifter)'s flame

Action                   |  1- 3 |  4- 6 |  7- 9 | 10-12 || total
-------------------------+-------+-------+-------+-------++-------
Melee: Dagger            |    22 |     8 |     9 |       ||    39
       Flail             |       |    18 |    97 |     2 ||   117
 Fire: Hunting sling     |       |     2 |    32 |       ||    34
       Shortbow          |       |       |    28 |    74 ||   102
 Cast: Flame Tongue      |    63 |    75 |   196 |    34 ||   368
       Throw Flame       |     2 |     5 |    51 |     5 ||    63
       Conjure Flame     |       |     7 |    17 |     2 ||    26
       Inner Flame       |       |       |     5 |     1 ||     6
       Sticky Flame      |       |       |     5 |     7 ||    12
 Abil: Evoke Blink       |       |       |     1 |     1 ||     2
       Evoke Invisibilit |       |       |       |     1 ||     1
Evoke: Wand              |       |       |     8 |     3 ||    11
  Use: Scroll            |     4 |     3 |    16 |     1 ||    24
       Potion            |       |     4 |       |       ||     4
 Stab: Sleeping          |     9 |     1 |    13 |     1 ||    24
  Eat: Bread ration      |       |     1 |       |       ||     1
       Pizza             |       |       |     1 |     1 ||     2
       Royal jelly       |       |       |     1 |       ||     1
